[Event "IV Pullman Blitz 2022"]
[Site "Riga, Latvia"]
[Date "2022.02.20"]
[Round "9.2"]
[White "Gorozhankina, Julia"]
[Black "Batashevs, Arsens"]
[Result "0-1"]
[TimeControl "180+2"]
[WhiteTitle "WFM"]
[WhiteElo "2033"]
[BlackElo "2113"]

1. e4 g6 2. d4 Bg7 3. Nc3 c5 4. Nf3 cxd4 5. Nxd4 Nc6 6. Be3 d6 7. Be2 Nf6 8. O-O a6 9. a4 Qc7 10. Qd2 O-O 11. f3 Bd7 12. Rac1 Rac8 13. Rfd1 Ne5 14. Bh6 Nc4 15.
Bxc4 Qxc4 16. Bxg7 Kxg7 17. Ra1 Rc7 18. Nde2 Rfc8 19. Rdc1 b5 20. axb5 axb5 21. Nd5 Nxd5 22. exd5 Rc5 23. Qd4+ Qxd4+ 24. Nxd4 Rxd5 25. c3 Bf5 26. Re1 e5 27. Nxf5+ gxf5 28. Ra5 Kf6 29. Re2 0-1

[Event "IV Pullman Blitz 2022"]
[Site "Riga, Latvia"]
[Date "2022.02.20"]
[Round "9.3"]
[White "Kretainis, Kristaps"]
[Black "Berzinsh, Roland"]
[Result "1-0"]
[TimeControl "180+2"]
[BlackTitle "IM"]
[WhiteElo "2101"]
[BlackElo "2285"]

1. Nf3 d5 2. b3 Nf6 3. Bb2 e6 4. e3 Be7 5. Ne5 O-O 6. f4 c5 7. Be2 Nfd7 8. O-O Nxe5 9. fxe5 Nc6 10.
Qe1 f6 11. exf6 Bxf6 12. Bxf6 Rxf6 13.
Nc3 Bd7 14. Bg4 Ne5 15. Qg3 Nxg4 16. Qxg4 Bc6 17. Rxf6 Qxf6 18. Rf1 Qe7 19. Ne2 Rf8 20. Rxf8+ Kxf8 21. Nf4 Bd7 22. Qh5 g5 23. Nd3 b6 24. Ne5 Be8 25. Qh6+ Qg7 26. Qxe6 d4 27. exd4 cxd4 28. Qd6+ Qe7 29. Qxd4 Qe6 30. h3 Qf5 31. Qf2 1-0

[Event "IV Pullman Blitz 2022"]
[Site "Riga, Latvia"]
[Date "2022.02.20"]
[Round "9.4"]
[White "Laimins, Lauris"]
[Black "Mustaps, Matiss"]
[Result "1-0"]
[TimeControl "180+2"]
[BlackTitle "FM"]
[WhiteElo "2124"]
[BlackElo "2261"]

1. d4 Nf6 2. c4 g6 3. Nc3
Bg7 4. e4 O-O 5. f3 d6 6. Be3 a6 7. Bd3 Nc6 8. Nge2 Rb8 9. O-O e5 10. d5 Ne7 11. c5 c6 12. dxc6 Nxc6 13. Bc4 dxc5 14. Qxd8 Rxd8 15. Bxc5 b5 16. Bb3 Be6 17. Bxe6 fxe6 18. Rfd1 Bf8 19. Bxf8 Kxf8 20. Rac1 Nd4 21. Kf2 Rbc8 22. Ke3 Ke7 23. Nxd4 exd4+ 24. Rxd4 Rxd4 25. Kxd4 Rc4+ 26. Ke3 Nd7 27. Ne2 Rb4 28. b3 a5 29. Kd2 Kd6 30. Kc3 Nc5 31. Rd1+ Ke5 32. Nd4 Na4+ 33. bxa4 Rc4+ 34.
Kb2 Rb4+ 35. Ka1 Rxa4 36. Nxb5 Kf4 37. Rd3 h5 38. Nc3 Rb4 39. Ne2+ Ke5 40. Rb3 Rc4 41. Kb2 h4 42. Rb5+ Kf6 43. Rxa5 Rb4+ 44. Kc2 Rc4+ 45. Nc3 h3 46. gxh3 Rc8 47. h4 Rh8 48. h5 gxh5 49.
Rb5 h4 50. a4 h3 51. a5 Rg8 52. Rb2 Ke5 53. Kd3 Kf4 54. a6 Kxf3 55. a7 Ra8 56. Ra2 Rd8+ 57. Kc4 Rc8+ 58. Kd4 Ra8 59. Nb5 Kf4 60. Nc7 Rd8+ 61. Kc5
Kxe4 62. a8=Q+ Rxa8 63. Rxa8 e5 64. Ra3 Kf4 65. Rxh3 e4 66. Nd5+ Kg4 67. Ra3 1-0

[Event "IV Pullman Blitz 2022"]
[Site "Riga, Latvia"]
[Date "2022.02.20"]
[Round "10.1"]
[White "Antoms, Guntars"]
[Black "Golubovskis, Maksims"]
[Result "0-1"]
[TimeControl "180+2"]
[WhiteTitle "IM"]
[BlackTitle "FM"]
[WhiteElo "2231"]
[BlackElo "2066"]

1. e4 g6 2. d4 Bg7 3. Nc3 d6 4. f4 Nc6 5. d5 Nd4 6. Be3 c5 7. dxc6 Nxc6 8. Qd2 Nf6 9. Nf3 Bg4 10. Bc4 O-O 11.
O-O-O a6 12. h3 Bxf3 13. gxf3 b5 14. Bb3 Nh5 15.
f5 Ne5 16. fxg6 hxg6 17. f4 Nc4 18.
Bxc4 bxc4 19. f5 Qa5 20. Bd4 Rab8 21.
fxg6 fxg6 22. Bxg7 Nxg7 23. Rdf1 Qb4 24.
Rxf8+ Kxf8 25. Rf1+ Kg8 26. Qd5+ e6 27. Qg5 Qxb2+ 28. Kd2 Qb6 29. Rf3 Qd4+ 30. Kc1 Rf8 31. Rxf8+ Kxf8 32.
Kb2 Qb6+ 33. Kc1 Qd4 34.
Qd8+ Kf7 35. Qd7+ Kg8 36. Qc8+ Kh7 37. Na4 Qe3+ 38. Kb2 Qxe4 39.
Nb6 Qd4+ 40. Kb1 Qxb6+ 0-1

[Event "IV Pullman Blitz 2022"]
[Site "Riga, Latvia"]
[Date "2022.02.20"]
[Round "10.3"]
[White "Berzinsh, Roland"]
[Black "Kretainis, Kristaps"]
[Result "1-0"]
[TimeControl "180+2"]
[WhiteTitle "IM"]
[WhiteElo "2285"]
[BlackElo "2101"]

1. e4 d5 2. exd5 Qxd5 3. Nc3 Qd6 4. d4 Nf6 5. Nf3 c6 6. Ne5 Be6 7. Bf4 Qd8 8. Qd2 Nbd7 9. Nd3 Nd5 10. Nxd5 Bxd5 11. Rc1 Nf6 12. f3 Be6 13.
Nc5 Bc8 14. Bc4 e6 15. Qf2 b6 16.
Nd3 Bb7 17. O-O Be7 18. Rfe1 O-O 19. Rcd1 a5 20. c3 a4 21.
Ne5 Nd5 22. Bd2 c5 23. dxc5 Bxc5 24.
Be3 Nxe3 25. Rxd8 Nxc4 26. Rd4 Nxe5 27. Rxe5 Rfd8 28. Rxc5 bxc5 29. Rxd8+ Rxd8 30. Qxc5 Bd5 31. c4 Ba8 32. b4 axb3 33. axb3 h6 34. Kf2 Rb8 35.
Qa7 Rc8 36. b4 Rd8 37. Ke3 g6 38. b5 Kg7 39. b6 Bc6 40. Qc7 1-0

[Event "IV Pullman Blitz 2022"]
[Site "Riga, Latvia"]
[Date "2022.02.20"]
[Round "10.4"]
[White "Mustaps, Matiss"]
[Black "Laimins, Lauris"]
[Result "1-0"]
[TimeControl "180+2"]
[WhiteTitle "FM"]
[WhiteElo "2261"]
[BlackElo "2124"]

1. e4 e5 2. Nf3 Nf6 3. Nc3 Bb4 4. Nxe5 Qe7 5. Nd3 Bxc3 6. dxc3 Qxe4+ 7. Be2 O-O 8. O-O Nc6 9. Bf3 Qf5 10. b4 d6 11. Bb2 Ne5 12. Nxe5 dxe5 13. c4 e4 14. Be2 Be6 15. h3 Rad8 16. Qc1 Nd7 17. Qe3 b6 18. Qg3 Rc8 19. Qxg7# 1-0

[Event "IV Pullman Blitz 2022"]
[Site "Riga, Latvia"]
[Date "2022.02.20"]
[Round "11.1"]
[White "Golubovskis, Maksims"]
[Black "Mustaps, Matiss"]
[Result "0-1"]
[TimeControl "180+2"]
[WhiteTitle "FM"]
[BlackTitle "FM"]
[WhiteElo "2066"]
[BlackElo "2261"]

1. e4 c5 2. Nf3 Nc6 3. d4 cxd4 4. Nxd4 Nf6 5.
Nc3 e6 6. Ndb5 Bb4 7. a3 Bxc3+ 8. Nxc3 d5 9. exd5 exd5 10. Bd3 d4 11. Ne2 Bf5 12. O-O Bxd3 13. Qxd3 O-O 14. Bg5 Qd6 15. Rad1 Ng4 16. Bf4 Qf6 17. h3 Nge5 18. Bxe5 Nxe5 19.
Qxd4 Rfe8 20. Ng3 Red8 21. Qc3 Rdc8 22.
Qb3 Nc4 23. c3 b6 24. Rd4 Na5 25. Qc2 Nc6 26. Re4 Qg6 27. Qe2 h6 28.
Rg4 Qe6 29. Qxe6 fxe6 30. Re1 Re8 31.
Nh5 Re7 32. Rge4 Kf7 33. Rf4+ Kg8 34. Rc4 Na5 35. Rce4 Kf7 36. Nf4 Rae8 37. Nd3 Nb3 38. Ne5+ Kg8 39. Nc6 Rc7 40. Rxe6 Rxe6
41. Rxe6 Nc5 42. Rd6 Na4 43. Rd8+ Kh7 44. Ne5 Nxb2 45. Rd7 Rxd7 46. Nxd7 Nc4 47. a4 Nb2 48. Ne5 Nxa4 49. c4 Nc5 50. Nc6 a5
51. Kf1 a4 52. Ke2 a3 53. Nb4 Kg6 54. Ke3 Kf5 55. Kd4 Ke6 56.
g3 g5 57. h4 g4 58. Na2 Nb3+ 59. Kc3 Nc5 60. Kd4 Nb3+ 61. Kc3 Nc5 62. Kd4 Kf5 63. Nb4 Ne4 64. Ke3 Nc3 65.
Nc2 a2 66. Kd3 Nd1 67. Nd4+ Ke5 68. Nb3 Nxf2+ 69. Ke3 Nh1 0-1

[Event "IV Pullman Blitz 2022"]
[Site "Riga, Latvia"]
[Date "2022.02.20"]
[Round "11.3"]
[White "Batashevs, Arsens"]
[Black "Berzinsh, Roland"]
[Result "0-1"]
[TimeControl "180+2"]
[BlackTitle "IM"]
[WhiteElo "2113"]
[BlackElo "2285"]

1. Nf3 d5 2. e3 Nf6 3. b3 Bg4 4. Bb2 e6 5. d4 Nbd7 6. Bd3 Bd6 7. c4 c6 8. Nc3 O-O 9. O-O e5 10. cxd5 exd4 11. Ne4 Nxe4 12. Bxe4 Nf6 13. Qxd4 Re8 14.
Ng5 Be5 15. Qxe5 Rxe5 16. Bxe5 Nxe4 17.
Nxe4 Qxd5 18. f3 Qxe5 19. Rad1 Be6 20.
Rd4 f5 0-1

[Event "IV Pullman Blitz 2022"]
[Site "Riga, Latvia"]
[Date "2022.02.20"]
[Round "12.1"]
[White "Mustaps, Matiss"]
[Black "Golubovskis, Maksims"]
[Result "1-0"]
[TimeControl "180+2"]
[WhiteTitle "FM"]
[BlackTitle "FM"]
[WhiteElo "2261"]
[BlackElo "2066"]

1. e4 c5 2. Nf3 d6 3. d4 cxd4 4. Nxd4 Nf6 5. Nc3 a6 6.
Bc4 e6 7. Bb3 Be7 8. g4 h6 9. Rg1 d5 10. exd5 exd5 11. Qf3 Nc6 12. Nf5 Bxf5 13. gxf5 Nd4 14. Qd3 Nxb3 15. axb3 Qd6 16. Be3 O-O-O 17. O-O-O Rhg8 18. Qd4 Qc7 19.
Qa7 Bb4 20. Bb6 Qf4+ 21. Kb1 Rd7 22. Rd4 1-0

[Event "IV Pullman Blitz 2022"]
[Site "Riga, Latvia"]
[Date "2022.02.20"]
[Round "12.3"]
[White "Berzinsh, Roland"]
[Black "Batashevs, Arsens"]
[Result "0-1"]
[TimeControl "180+2"]
[WhiteTitle "IM"]
[WhiteElo "2285"]
[BlackElo "2113"]

1. e4 g6 2. d4 Bg7 3. Nc3 c5 4. dxc5 Bxc3+ 5. bxc3 Qa5 6. Qd4 Nf6 7. Qb4 Qc7 8. Bd3 Nc6 9. Qa4 Qe5 10.
Bd2 Qxc5 11. Nf3 d6 12. Nd4 Bd7 13. Qb3 Nxd4 14. cxd4 Qxd4 15. Bc3 Qb6 16. Qxb6 axb6 17. O-O Bc6 18. f3 Kd7 19. Rfb1 Ra7 20. Rxb6 Rha8 21. Rb2 Ne8 22. Kf2 Nc7 23. Bd4 Ra3 24.
Bb6 Ne6 25. Be3 Nc5 26. Bc4 f6 27. Rd1 Kc7 28. h4 b5 29. Bxb5 Rb8 30. c4 Na4 31. Rb4 Nc3 32. Rd2 Nxa2 33. Rbb2 Nc3 34. Rdc2 Nd1+ 35. Ke2 Nxe3 36. Rd2 Nxg2 0-1

[Event "IV Pullman Blitz 2022"]
[Site "Riga, Latvia"]
[Date "2022.02.20"]
[Round "13.3"]
[White "Berzinsh, Roland"]
[Black "Batashevs, Arsens"]
[Result "1/2-1/2"]
[TimeControl "180+2"]
[WhiteTitle "IM"]
[WhiteElo "2285"]
[BlackElo "2113"]

1. e4 g6 2. d4 Bg7 3. Nc3 c5 4. dxc5 Bxc3+ 5. bxc3 Qa5 6.
Bd3 Nc6 7. Nf3 Qxc3+ 8. Bd2 Qxc5 9. O-O d6 10. Be3 Qa5 11. Nd4 Nf6 12. h3 O-O 13. Nb3 Qc7 14. f4 b6 15. c4 Bb7 16. Rc1 Nb4 17.
e5 Nxd3 18. Qxd3 dxe5 19. c5 Rad8 20. cxb6 Qxc1 21. Nxc1 Rxd3 22. Nxd3 Ba6 23. Rd1 Nd5 24. Bf2 Nc3 25. Rd2 Ne4 26. Rb2 axb6 27. Nxe5 Nxf2 28.
Kxf2 f6 29. Nd7 Rd8 30. Nxb6 Kf7 31.
a4 Rd4 32. Ke3 Rd3+ 33. Kf2 Rd4 34. g3 h5 35. h4 g5 36.
hxg5 fxg5 37. fxg5 Kg6 38. Ke3 Rd3+ 39. Kf4 Rd4+ 40. Ke5 Rg4 41. Rb3 Kxg5 42. a5 Bb7 43. Ke6 Re4+ 44. Kd7 e5 45. Kc7 Ba6 46. Kd6 Re1 47. Ra3 e4 48. Nd5 h4 49. gxh4+ Kxh4 50. Nb4 Bc4 51. Kc5 Bf1 52. a6 Bxa6 53. Nxa6 e3 54.
Kd4 e2 55. Ke3 Rb1 56. Kxe2 Rb6 57. Nc5 Rc6 58. Ne4 Re6 59. Kf3 Rb6 60. Ra1 Kh5 61. Kf4 Kg6 62. Ra5 Kf7 63. Ke5 Kg7 64. Nd6 Rb1 65. Nf5+ Kf7 66. Ra7+ Kg6 67. Rg7+ Kh5 68. Rg2 Rb5+ 69. Kf4 Rb4+ 70. Kf3 Rb3+ 71. Ne3 Rb4 72. Rg8 Rb3 73. Ke4 Rb4+ 74. Ke5 Rb5+ 75. Nd5 Kh4 76. Kf4 Rxd5 1/2-1/2

[Event "IV Pullman Blitz 2022"]
[Site "Riga, Latvia"]
[Date "2022.02.20"]
[Round "14.1"]
[White "Batashevs, Arsens"]
[Black "Mustaps, Matiss"]
[Result "1-0"]
[TimeControl "180+2"]
[BlackTitle "FM"]
[WhiteElo "2113"]
[BlackElo "2261"]

1. c4 e5 2. g3 Nf6 3.
Bg2 d5 4. cxd5 Nxd5 5.
Nc3 Nb6 6. d3 Nc6 7. Bxc6+ bxc6 8. Nf3 Bd6 9. Qc2 O-O 10. Bd2 Nd5 11. Nxd5 cxd5 12. Qc6 Rb8 13. Qxd5 Rxb2 14. Qc4 Bb7 15. Qc3 Rb6 16. O-O e4 17. dxe4 Bxe4 18. Be3 Ra6 19. Qc4 Bb7 20. Rab1 Qc8 21. Rfd1 Rc6 22. Qb5 Ba8 23.
Bxa7 Ra6 24. Bd4 Rxa2 25. Bxg7 Kxg7 26.
Qg5+ Kh8 27. Qf6+ Kg8 28. Rb5 h6 29. Qxh6 c5 30. Rxd6 Ra1+ 31.
Kg2 Qf5 32. Rf6 Qh7 33. Qg5+ Qg7 34. Rxc5 Re8 35. Qf4 Be4 36.
Rg5 Bg6 37. h4 Rxe2 38. h5 Raa2 39. hxg6 Rxf2+ 40. Kh3 Qh6+ 41. Kg4 Kh8 42. g7+ Kg8 43. Qb8+ Kh7 44. Qh8# 1-0

[Event "IV Pullman Blitz 2022"]
[Site "Riga, Latvia"]
[Date "2022.02.20"]
[Round "15.1"]
[White "Mustaps, Matiss"]
[Black "Batashevs, Arsens"]
[Result "1-0"]
[TimeControl "180+2"]
[WhiteTitle "FM"]
[WhiteElo "2261"]
[BlackElo "2113"]

1. e4 g6 2. d4 Bg7 3. Nc3 c5 4. dxc5 Bxc3+ 5. bxc3 Qa5 6. Ne2 Nf6 7. e5 Ne4 8. Qd4 Nxc5 9. Bd2 Nc6 10. Qe3 Nxe5 11. c4 Nxc4 12. Bxa5 Nxe3 13. fxe3 b6 14. Bc3 f6 15. Bd4 Ne6 16. Nf4 Nc7 17. Bb2 Bb7 18. O-O-O e5 19.
Nd3 d5 20. Nxe5 fxe5 21. Bxe5 Kd7 22. Bxh8 Rxh8 23. Bd3 Re8 24. Kd2 d4 25.
exd4 Bxg2 26. Rhg1 Bd5 27. Rde1 Rc8 28. a3 b5 29. Re5 a6 30. Rge1 Be6 31. h4 Rf8 32. h5 gxh5 33. Rxh5 Rf2+ 34.
Re2 Rf4 1-0

[Event "IV Pullman Blitz 2022"]
[Site "Riga, Latvia"]
[Date "2022.02.20"]
[Round "16.1"]
[White "Mustaps, Matiss"]
[Black "Batashevs, Arsens"]
[Result "1-0"]
[TimeControl "180+2"]
[WhiteTitle "FM"]
[WhiteElo "2261"]
[BlackElo "2113"]

1. e4 g6 2. d4 Bg7 3. Nc3
c5 4. dxc5 Bxc3+ 5. bxc3 Qa5 6. Ne2 Nf6 7. e5 Ne4 8.
Qd4 Nxc5 9. Bd2 Nc6 10. Qe3 Nxe5 11. c4 Qc7 12. Nc3 d6 13. Nd5 Qd7 14. Bc3 O-O 15. Bxe5 dxe5 16. Qxc5 b6 17. Qxe7 Qa4 18. Qxe5 Re8 1-0